AoeStats
← Grinch_XO

Arabian Desert

508876210Analyzed
1v1 RM · 9d ago on Sep 24, 2026· 52m 56s· 2 players
Game mode
Random Map
Map size
Tiny (2 player)
Population
200
Speed
Normal
Resources
Standard
Victory
Conquest
Starting age
Dark Age
Ending age
Imperial Age
RankedLock teamsTeams togetherTeam positionsShared explorationLock speedFull tech treeHidden civsTurbo modeCheats
Victory
Defeat
🇸🇪 Ethiopians · Sweden
970
+17
🇰🇿 Jurchens · Kazakhstan
989
-17
A Knight Who Says Ni
7:29 Loom
11:11 Feudal Age
13:41 Horse Collar
13:47 Double-Bit Axe
17:20 Wheelbarrow
20:54 Gold Mining
21:47 Fletching
24:13 Castle Age
23:38 Fletching
23:51 Scale Mail Armor
23:50 Stone Mining
25:13 Bow Saw
25:08 Heavy Plow
24:52 Crossbowman
28:04 Town Watch
30:17 Bodkin Arrow
30:38 Chain Mail Armor
30:32 Thumb Ring
32:16 Squires
32:29 Forging
32:20 Padded Archer Armor
33:35 Gold Shaft Mining
39:23 Iron Casting
40:50 Ballistics
40:41 Masonry
42:35 Arson
43:15 Hand Cart
43:39 Stone Shaft Mining
46:55 Imperial Age
47:03 Imperial Age
47:08 Halberdier
48:23 Plate Mail Armor
48:09 Leather Archer Armor
49:00 Blast Furnace
48:09 Bracer
48:27 Town Patrol
49:00 Architecture
48:12 Capped Ram
50:11 Conscription
51:01 Two-Man Saw
51:11 Arbalester
52:05 Siege Ram
Grinch_XO
7:36 Loom
9:46 Feudal Age
11:23 Double-Bit Axe
16:39 Horse Collar
21:21 Castle Age
20:43 Gold Mining
22:16 Bloodlines
23:30 Bow Saw
24:35 Forging
25:47 Scale Barding Armor
27:43 Fervor
28:36 Gold Shaft Mining
29:26 Stone Mining
29:41 Stone Mining
31:05 Town Watch
31:35 Fervor
32:33 Wheelbarrow
32:11 Treadmill Crane
32:49 Heavy Plow
33:24 Ballistics
34:02 Stone Shaft Mining
34:41 Hand Cart
34:47 Fletching
35:44 Masonry
36:20 Murder Holes
37:11 Guard Tower
40:05 Imperial Age
39:12 Bodkin Arrow
39:54 Iron Casting
40:47 Siege Engineers
42:34 Chemistry
42:39 Two-Man Saw
43:15 Crop Rotation
44:20 Architecture
45:05 Keep
45:10 Arrowslits
46:30 Chain Barding Armor
45:38 Elite Steppe Lancer
47:24 Bracer
48:09 Conscription
49:42 Hoardings
49:11 Husbandry
51:40 Blast Furnace
51:49 Plate Barding Armor
50:46 Elite Iron Pagoda
Connection lost

Rejoining the realm…

Still unreachable

The connection could not be restored.

Session expired

The server has moved on; the page needs a fresh start.